 Dungeon Crawl Stone Soup version 0.27-a0-1189-gb8eb6cee8e (console) character file.

Game seed: 10089912982680934900

20377 Hector the Severer (level 12, -7/106 HPs)
             Began as a Hill Orc Abyssal Knight on May 23, 2021.
             Was an Elder of Lugonu.
             Mangled by Urug
             ... wielding a +6 eveningstar
              (19 damage)
             ... on level 3 of the Lair of Beasts.
             The game lasted 00:49:52 (21061 turns).

Hector the Severer (Hill Orc Abyssal Knight)       Turns: 21061, Time: 00:49:53

Health: -7/106     AC: 19    Str: 20    XL:     12   Next: 78%
Magic:  20/20      EV:  7    Int: 12    God:    Lugonu [****..]
Gold:   489        SH:  5    Dex: 10    Spells: 11/11 levels left

rFire    + . .     SeeInvis .   p - +0 war axe
rCold    + + .     Faith    .   i - +1 buckler
rNeg     . . .     Spirit   .   d - +0 plate armour
rPois    +         Reflect  .   h - +0 helmet
rElec    .         Harm     .   e - scarf {rC+ rF+}
rCorr    .         Rampage  .   (no gloves)
Will     .....                  f - +2 pair of boots
Stlth    ..........             (no amulet)
HPRegen  0.27/turn              P - ring of poison resistance
MPRegen  0.17/turn              C - ring of protection from cold

@: mighty, hasted (expiring), very quick
A: no striking features
a: Renounce Religion, Depart the Abyss, Bend Space, Banish, Corrupt


You were on level 3 of the Lair of Beasts.
You worshipped Lugonu.
Lugonu was greatly pleased with you.
You visited 2 branches of the dungeon, and saw 12 of its levels.
You visited the Abyss 1 time.
You also visited: Ossuary.

You collected 682 gold pieces.
You spent 193 gold pieces at shops.

Inventory:

Hand Weapons
 a - a +0 battleaxe
 b - a +0 whip of freezing
 g - the +0 dire flail of Balance {freeze, Int+2}
   (You found it on level 6 of the Dungeon)

   It has been specially enchanted to freeze those struck by it, causing extra
   injury to most foes and up to half again as much damage against particularly
   susceptible opponents.
   It can also slow down cold-blooded creatures.
   It affects your intelligence (+2).
 m - a +0 hunting sling
 p - a +0 war axe (weapon)
 J - a +3 spear
 K - a +1 hand axe
 L - a +1 halberd of venom
 T - a +0 vorpal flail
Missiles
 n - 44 poisoned darts
 u - 195 stones
 x - 15 boomerangs
Armour
 d - a +0 plate armour (worn)
 e - a scarf of resistance (worn)
 f - a +2 pair of boots (worn)
 h - a +0 helmet (worn)
 i - a +1 buckler (worn)
 H - a +0 ring mail of fire resistance
 N - +0 steam dragon scales
 Q - a +3 ring mail
Magical Staves
 t - a staff of fire
Jewellery
 v - a ring of willpower
 C - a ring of protection from cold (right hand)
 P - a ring of poison resistance (left hand)
Wands
 s - a wand of flame (40) (quivered)
 G - a wand of mindburst (12)
 R - a wand of iceblast (7)
Scrolls
 j - 4 scrolls of blinking
 k - 2 scrolls of fog
 l - 11 scrolls of teleportation
 q - 5 scrolls of summoning
 r - a scroll of identify
 z - a scroll of magic mapping {unknown}
 D - a scroll of holy word
 M - a scroll of fear
 O - 2 scrolls of enchant armour
 S - 2 scrolls of enchant weapon
Potions
 c - a potion of mutation
 o - a potion of resistance
 w - 2 potions of magic
 y - 5 potions of curing
 A - a potion of ambrosia
 B - 3 potions of flight
 E - 2 potions of heal wounds
 F - a potion of might
 I - a potion of brilliance


   Skills:
 + Level 10.3 Fighting
 + Level 17.1 Axes
 + Level 9.3 Armour
 + Level 2.7 Dodging
 - Level 4.0 Shields
 * Level 11.9 Invocations


You had 11 spell levels left.
You didn't know any spells.
Your spell library contained the following spells:

 Spells                   Type           Power      Damage    Failure   Level
 Magic Dart               Conj           0%         1d3       99%         1
 Summon Small Mammal      Summ           0%         N/A       99%         1
 Call Imp                 Summ           0%         N/A       100%        2
 Passwall                 Tmut/Erth      0%         N/A       100%        2
 Searing Ray              Conj           0%         3d3       100%        2
 Call Canine Familiar     Summ           0%         N/A       100%        3
 Dazzling Flash           Conj/Hex       0%         N/A       100%        3
 Summon Guardian Golem    Hex/Summ       0%         N/A       100%        3
 Swiftness                Air            0%         N/A       100%        3
 Fulminant Prism          Conj/Hex       0%         3d6       100%        4
 Iskenderun's Mystic Bla  Conj/Tloc      0%         2d3       100%        4
 Passage of Golubria      Tloc           N/A        N/A       100%        4
 Summon Ice Beast         Ice/Summ       0%         N/A       100%        4
 Summon Lightning Spire   Summ/Air       0%         N/A       100%        4
 Lee's Rapid Deconstruct  Erth           0%         3d5*      100%        5
 Invisibility             Hex            0%         N/A       100%        6


Dungeon Overview and Level Annotations

Branches:
Dungeon (9/15)             Temple (0/1) D:7            Lair (3/6) D:9
 Shoals (0/4) Lair:2       Spider (0/4) Lair:2      Ossuary (visited)
    Orc: D:9-12

Altars:
Ashenzari
Dithmenos
Kikubaaqudgha
Ru
Trog
Uskayaw
Vehumet
Wu Jian
Xom
Yredelemnul
Zin
The Shining One

Shops:
D:4 *   D:5 =?**((   D:9 !

Annotations:
Lair:2 3 runed translucent doors, celly00's ghost, journeyman MfSu
Lair:3 Urug
Abyss:1 Joseph, Sigmund


Message History

You completely miss the blink frog.
The blink frog is moderately wounded.
The blink frog hits you.
* * * LOW HITPOINT WARNING * * *
You slice the blink frog!!
The blink frog is almost dead.
You block the blink frog's attack.
You slash the blink frog!
You kill the blink frog!
Lugonu accepts your kill.
Found a war axe.
You see here a +0 war axe.
A water moccasin and Urug come into view.
The water moccasin hisses angrily.
Urug throws a javelin.
The javelin pierces through you but does no damage.
You see here a +0 war axe.
You slice Urug!!
Urug is moderately wounded.
You slice the bush!! You hit Urug.
Urug is heavily wounded.
You slash the bush!
Your extra speed is starting to run out.
Urug sings a few bars from the Orcish anthem.
Urug hits you with a +6 eveningstar!
* * * LOW HITPOINT WARNING * * *
You barely miss Urug.
Urug is heavily wounded.
You completely miss the bush. You barely miss Urug.
Urug is heavily wounded.
You hit the bush but do no damage. You block Urug's attack.
You closely miss Urug.
Urug is heavily wounded.
You hit the bush but do no damage. You closely miss Urug.
Urug is heavily wounded.
You slash the bush! Urug hits you with a +6 eveningstar!!
You die...

#...# #.........P.
###.###............
#.................
##.................
#..................
##.......#.........
##...........##....
#P............#....
#.@......#.# ......
#S#o...P######P....
##.##..## ##....
#.# ..# #.#.. ...
...# #.....
........# #.....
o...... .# ......
....S.... #.....
#......^...


You could see Urug and a water moccasin.

Vanquished Creatures
  A two-headed ogre (D:9)
  Pikel (D:4)
  A black mamba (Lair:1)
  6 cane toads
  A rime drake (Lair:3)
  5 komodo dragons
  2 jumping spiders (Lair:2)
  A troll (D:8)
  A hornet (D:9)
  9 blink frogs
  2 redbacks (Lair:2)
  A vampire (D:8)
  A wyvern (Lair:2)
  29 yaks
  A steam dragon (Lair:2)
  2 basilisks (Lair:3)
  Duvessa (D:5)
  5 water moccasins
  4 orc warriors
  A sky beast (D:8)
  2 necrophages
  2 ogres
  2 centaurs
  4 lemures (D:4)
  2 elf zombies (Ossuary)
  11 bullfrogs
  3 scorpions
  Dowan (D:5)
  5 wights
  5 howler monkeys
  3 centaur zombies
  2 bullfrog zombies
  4 jellies
  2 orc priests (D:7)
  2 bullfrog skeletons
  2 human zombies (Ossuary)
  2 centaur skeletons
  Jessica (D:2)
  Natasha (thrice) (D:3)
  3 iguanas
  9 orc wizards
  A killer bee zombie (D:7)
  A hound zombie (D:5)
  3 mummies
  3 gnolls (D:5)
  11 adders
  A shadow imp (D:6)
  A white imp (D:6)
  An ufetubus (D:4)
  An adder zombie (D:2)
  4 worms
  A dart slug (D:1)
  14 orcs
  4 ball pythons
  8 bats
  A bat zombie (D:2)
  5 endoplasms
  3 goblins
  12 hobgoblins
  11 jackals
  5 quokkas
  A ball python skeleton (D:2)
  5 frilled lizards
  A giant cockroach zombie (D:2)
  2 goblin zombies (Ossuary)
  10 hobgoblin zombies (Ossuary)
  A jackal zombie (D:2)
  11 kobolds
  14 kobold zombies (Ossuary)
  4 orc zombies (Ossuary)
  3 rats
  2 rat zombies (Ossuary)
  A butterfly (Lair:3)
291 creatures vanquished.

Vanquished Creatures (collateral kills)
  A scorpion (D:6)
1 creature vanquished.

Vanquished Creatures (others)
  12 fungi
  25 plants
37 creatures vanquished.

Grand Total: 329 creatures vanquished

Notes
Turn   | Place    | Note
-------+----------+-------------------------------------------
     0 | Abyss:1  | Hector the Hill Orc Abyssal Knight began the quest for the
                  | Orb.
     0 | Abyss:1  | Reached XP level 1. HP: 19/19 MP: 2/2
    56 | D:1      | Escaped the Abyss
   122 | D:1      | Reached skill level 3 in Axes
   227 | D:1      | Reached XP level 2. HP: 24/26 MP: 3/3
   364 | D:1      | Reached skill level 4 in Axes
   496 | D:1      | Reached ** piety under Lugonu
   878 | D:1      | Reached XP level 3. HP: 28/31 MP: 4/4
  1392 | D:2      | Reached skill level 5 in Axes
  1427 | D:2      | Noticed Jessica
  1436 | D:2      | Killed Jessica
  1437 | D:2      | Reached XP level 4. HP: 18/39 MP: 5/5
  1799 | D:2      | Found a shimmering altar of Xom.
  1822 | D:2      | Reached skill level 6 in Axes
  3398 | D:3      | Reached XP level 5. HP: 45/45 MP: 6/6
  3717 | D:3      | Reached *** piety under Lugonu
  3718 | D:3      | Reached skill level 7 in Axes
  3953 | D:3      | Noticed Natasha
  3960 | D:3      | Killed Natasha
  4238 | D:3      | Noticed Natasha
  4256 | D:3      | Killed Natasha
  4746 | D:3      | Noticed Natasha
  4766 | D:3      | Killed Natasha
  4767 | D:3      | Reached skill level 8 in Axes
  4767 | D:3      | Reached XP level 6. HP: 43/51 MP: 7/7
  4945 | D:4      | Found Yntok's General Store.
  5322 | D:4      | Found a glowing golden altar of the Shining One.
  5657 | D:4      | Reached skill level 9 in Axes
  5812 | D:4      | Bought a scroll of blinking for 75 gold pieces
  5812 | D:4      | Bought a scroll of identify for 20 gold pieces
  5812 | D:4      | Bought a scroll of teleportation for 30 gold pieces
  5826 | D:4      | Found a glowing silver altar of Zin.
  6105 | D:4      | Found a sacrificial altar of Ru.
  6125 | D:4      | Noticed Pikel
  6234 | D:4      | Reached XP level 7. HP: 34/57 MP: 8/8
  6687 | D:4      | Found a shadowy altar of Dithmenos.
  7063 | D:4      | Killed Pikel
  7064 | D:4      | Reached skill level 11 in Axes
  7064 | D:4      | Reached XP level 8. HP: 8/64 MP: 9/9
  7712 | D:5      | Entered Level 5 of the Dungeon
  7712 | D:5      | Found Ralitzell's General Store.
  7804 | D:5      | Reached skill level 12 in Axes
  8249 | D:5      | Reached skill level 1 in Dodging
  8271 | D:5      | Found Abroq's Antique Weapon Shoppe.
  8349 | D:5      | Found Qinkel's Antique Weapon Boutique.
  8506 | D:5      | Found Voasen's Assorted Antiques.
  8516 | D:5      | Bought a ruby potion for 23 gold pieces
  8516 | D:5      | Bought a metallic dark potion for 23 gold pieces
  8550 | D:5      | Found Jozeta's Magic Scroll Shop.
  8558 | D:5      | Bought a scroll of identify for 22 gold pieces
  8558 | D:5      | Noticed Dowan
  8763 | D:5      | Noticed Duvessa
  8793 | D:5      | Killed Duvessa
  8865 | D:5      | Reached **** piety under Lugonu
  9087 | D:5      | Found a broken altar of Ashenzari.
  9378 | D:5      | Found Geycs's Jewellery Emporium.
  9641 | D:5      | Killed Dowan
  9642 | D:5      | Reached XP level 9. HP: 70/72 MP: 12/12
 10001 | D:6      | Reached skill level 1 in Shields
 10068 | D:6      | Reached skill level 13 in Axes
 10371 | D:6      | Identified the +0 dire flail of Balance {freeze, Int+2}
 10428 | D:6      | Noticed Sigmund
 10434 | D:6      | Banished Sigmund
 10874 | D:7      | Reached skill level 5 in Fighting
 11075 | D:7      | Found a sand-covered staircase.
 11090 | Ossuary  | Entered an ossuary
 11162 | Ossuary  | Reached skill level 5 in Invocations
 11677 | D:7      | Noticed Joseph
 11690 | D:7      | Banished Joseph
 11777 | D:7      | Noticed a gargoyle
 11781 | D:7      | Banished a gargoyle
 11782 | D:7      | Reached skill level 5 in Armour
 11853 | D:7      | Reached XP level 10. HP: 80/83 MP: 5/14
 12571 | D:7      | Found a staircase to the Ecumenical Temple.
 13312 | D:8      | Reached skill level 14 in Axes
 13882 | D:8      | Found an ornate altar of the Wu Jian Council.
 13885 | D:8      | Found a radiant altar of Vehumet.
 13889 | D:8      | Found a basalt altar of Yredelemnul.
 14490 | D:9      | Found Optoud's Distillery.
 14658 | D:9      | Noticed a two-headed ogre
 14668 | D:9      | Killed a two-headed ogre
 14918 | D:9      | Found an ancient bone altar of Kikubaaqudgha.
 14920 | D:9      | Found a hide-covered altar of Uskayaw.
 14941 | D:9      | Found a bloodstained altar of Trog.
 15282 | D:9      | Reached skill level 15 in Axes
 15282 | D:9      | Reached XP level 11. HP: 70/92 MP: 17/17
 15700 | D:9      | Found a staircase to the Lair.
 16138 | Lair:1   | Entered Level 1 of the Lair of Beasts
 16190 | Lair:1   | Noticed a seven-headed hydra
 16207 | Lair:1   | Banished a seven-headed hydra
 16959 | Lair:1   | Reached skill level 16 in Axes
 17255 | Lair:1   | Reached skill level 10 in Invocations
 17430 | Lair:1   | Noticed a six-headed hydra
 17431 | Lair:1   | Banished a six-headed hydra
 17572 | Lair:2   | HP: 2/95 [komodo dragon (19)]
 18052 | Lair:2   | Reached XP level 12. HP: 70/103 MP: 19/19
 18252 | Lair:2   | Found a hole to the Spider Nest.
 19394 | Lair:2   | Found a runed translucent gate.
 19394 | Lair:2   | Found a runed translucent gate.
 19395 | Lair:2   | Found a runed translucent gate.
 19398 | Lair:2   | Noticed a minotaur
 19399 | Lair:2   | Noticed celly00's ghost (journeyman MfSu)
 19525 | Lair:2   | Noticed a six-headed hydra
 19881 | Lair:2   | Banished a six-headed hydra
 20033 | Lair:2   | Noticed a six-headed hydra
 20034 | Lair:2   | Banished a six-headed hydra
 20035 | Lair:2   | Reached skill level 17 in Axes
 20118 | Lair:2   | Found a staircase to the Shoals.
 20313 | Lair:2   | Reached skill level 10 in Fighting
 21048 | Lair:3   | Noticed Urug
 21061 | Lair:3   | Mangled by Urug

Illustrated notes

Levels and vault maps discovered:
D:1:      nicolae_arrival_memento_mori, layout_loops_corners,
          minmay_misc_feat_alley
D:2:      layout_loops_corners, serial_undead, serial_undead_a, serial_undead_a,
          serial_undead_c, serial_undead_d, basic_altar,
          kennysheep_generic_room_8, uniq_jessica
D:3:      minmay_door_path, layout_basic, uniq_natasha
D:4:      layout_rooms, tso_altar, kennysheep_mini_moat,
          nicolae_ru_sacrificial_ziggurat, kennysheep_mini, serial_shops,
          nicolae_shop_waterfront, serial_forest, infiniplex_forest_straight_5,
          infiniplex_forest_3_way, infiniplex_forest_lined_room_2,
          infiniplex_forest_straight_5, infiniplex_forest_lined_1,
          infiniplex_forest_end_1, infiniplex_forest_straight_3,
          infiniplex_forest_side_room, infiniplex_forest_lined_2,
          grunt_decor_mini_mirrors, uniq_pikel
D:5:      layout_layer_cave, lemuel_coloured_pillars_altar, serial_shops,
          nicolae_shop_trees, nicolae_shop_overgrown_old_shop, shop,
          nicolae_shop_behind_doors, kennysheep_little_box,
          minmay_shop_grid_forest, uniq_duvessa
D:6:      layout_basic, chequers_garden, uniq_sigmund
D:7:      minmay_cornered_nines, layout_basic, minmay_temple_entry_waves,
          gup_ossuary_entry_pyramid, uniq_joseph
D:8:      layout_basic, grunt_temple_overflow_diamond, grunt_decor_fettered
D:9:      layout_layer_cave, gammafunk_temple_overflow_forgotten,
          david_lair_shrubbed, serial_shops,
          nicolae_shop_temple_entry_statues_fountains,
          corexii_mini_fake_secret_closet
Lair:1:   layout_long_grid
Lair:2:   layout_chaotic_city, minmay_shoals_entry_hut,
          spider_nest_entry_funnel_web, maelrawn_ghost_gauntlet_escape
Lair:3:   layout_roguey, enter_volcano_3, st_stairs_12, grunt_megastairs_4,
          lemuel_fruit_fields, uniq_urug

Skill      XL: |  1  2  3  4  5  6  7  8  9 10 11 12 |
---------------+-------------------------------------+-----
Axes           | 3 4 5 6 8 9 11 12 13 15 16 17 | 17.1
Fighting       | 4 6 7 8 10 | 10.3
Dodging        | 1 2 |  2.7
Invocations    | 4 6 8 10 11 | 11.9
Armour         | 3 5 6 7 9 |  9.3
Shields        | 3 4 |  4.0

Action                   |  1- 3 |  4- 6 |  7- 9 | 10-12 || total
-------------------------+-------+-------+-------+-------++-------
Melee: Hand axe          |    76 |   296 |   512 |   132 ||  1016
       Battleaxe         |       |       |       |   292 ||   292
       War axe           |       |       |       |   287 ||   287
Throw: Dart              |       |       |     4 |       ||     4
Invok: Banish            |       |       |     6 |     5 ||    11
       Bend Space        |       |       |       |     2 ||     2
Evoke: Wand              |       |       |       |     1 ||     1
  Use: Scroll            |       |     3 |    11 |     7 ||    21
       Potion            |       |     2 |     2 |     4 ||     8
Armor: Leather armour    |    21 |    74 |       |       ||    95
       Ring mail         |       |    18 |   141 |    57 ||   216
       Plate armour      |       |       |       |   184 ||   184
Dodge: Dodged            |    42 |   160 |   168 |   200 ||   570
Block: Buckler           |       |       |    21 |    69 ||    90

Table legend: (Time is in decaauts)
 A = Elapsed time spent in this place.
 B = Non-inter-level travel time spent in this place.
 C = Inter-level travel time spent in this place.
 D = Time resting spent in this place.
 E = Time spent auto-exploring this place.
 F = Levels seen in this place.
 G = Mean time per level.
                   A        B        C        D        E       F      G
               +--------+--------+--------+--------+--------+-----+--------+
         Total |  20753 |  19648 |   1105 |   5441 |  10770 |  14 | 1482.4 |
       Dungeon |  15399 |  14469 |    930 |   3556 |   8652 |   9 | 1711.0 |
          Lair |   4823 |   4648 |    175 |   1818 |   1949 |   3 | 1607.7 |
         Abyss |     56 |     56 |      0 |      0 |     46 |   1 |   56.0 |
       Ossuary |    474 |    474 |      0 |     67 |    123 |   1 |  474.0 |
               +--------+--------+--------+--------+--------+-----+--------+

Top non-repeatable levels by time:
     D:4: 2908 daAuts
  Lair:2: 2480 daAuts
  Lair:1: 2139 daAuts
     D:2: 2043 daAuts
     D:5: 1951 daAuts
     D:9: 1768 daAuts
     D:3: 1656 daAuts
     D:6: 1344 daAuts
     D:7: 1332 daAuts
     D:1: 1207 daAuts
     D:8: 1188 daAuts
 Ossuary: 474 daAuts
  Lair:3: 203 daAuts
 Abyss:1: 56 daAuts
